 Crawl Stoat Soup version 0.22-s0-4-g267190d (webtiles) character file.

10 damerell the Scratcher (level 2, 0/14 HPs)
             Began as a Felid Fighter on Sept 25, 2019.
             Slain by a goblin (3 damage)
             ... on level 1 of the Dungeon.
             The game lasted 00:01:49 (146 turns).

damerell the Scratcher (Felid Fighter)               Turns: 146, Time: 00:01:49

Health: 0/14       AC:  1    Str: 12    XL:     2   Next: 10%
Magic:  3/3        EV: 19    Int:  9    God:
Gold:   0          SH:  0    Dex: 15    Spells: 1/1 levels left
                                        Lives:  0   Deaths: 0

rFire    . . .     SeeInvis +     - Unarmed
rCold    . . .     Gourm    .   (shield unavailable)
rNeg     . . .     Faith    .   (armour unavailable)
rPois    .         Spirit   .   (helmet unavailable)
rElec    .         Reflect  .   (cloak unavailable)
rCorr    .         Harm     .   (gloves unavailable)
MR       .....                  (boots unavailable)
Stlth    ++........             (no amulet)
HPRegen  0.04/turn              (no ring)
MPRegen  0.08/turn              (no ring)

@: quick
A: very small, no armour, no weapons or thrown items, stealth, claws 1, fangs 3,
see invisible, carnivore, speed 1, shaggy fur 1, slow metabolism 1, sharp paws
a: no special abilities


You were on level 1 of the Dungeon.
You were not hungry.

You visited 1 branch of the dungeon, and saw 1 of its levels.

Inventory:

Scrolls
 c - a scroll of remove curse {unknown}
Potions
 a - a potion of might
Comestibles
 b - a meat ration


   Skills:
 + Level 3.0 Fighting
 + Level 4.1 Dodging
 + Level 0.4 Stealth
 + Level 4.3 Unarmed Combat


You had one spell level left.
You didn't know any spells.
Your spell library was empty.

Dungeon Overview and Level Annotations

Branches:
Dungeon (1/15)

Altars:


Innate Abilities, Weirdness & Mutations

You cannot wear armour.
You are incapable of wielding weapons or throwing items.
Your paws allow you to move quietly. (Stealth)
You have sharp claws.
You have razor-sharp teeth.
You have supernaturally acute eyesight. (SInv)
You are carnivorous and can eat meat at any time.
You cover ground quickly.
You are covered in fur. (AC +1)
You have a slow metabolism.
Your sharp claws are effective at attacking unaware monsters.


Message History

Found a stone staircase leading down.
Found a dagger.
There is a stone staircase leading down here.
A goblin comes into view.
Found a scroll labeled ODGHOH FOLY.
A goblin is nearby!
Unknown command.
You are too injured to fight recklessly!
You are too injured to fight recklessly!
The goblin shouts!
A goblin comes into view.
You closely miss the goblin.
The goblin shouts!
Your bite misses the goblin. The goblin completely misses you.
You scratch the goblin but do no damage.
The goblin closely misses you.
You closely miss the goblin. The goblin hits you.
* * * LOW HITPOINT WARNING * * *
You closely miss the goblin. The goblin hits you.
You die...

.............#
.............#
.............#
.............#
#...>........#
#............# ##
#............###### ..
#............##...#.###
#............##.@g?...#
#......).....+..g...#.#
#............#....###
###########+#.....#
.........##.#
.........# .#
.......... .#
.........####
.........#


You could see 2 goblins.

Vanquished Creatures
  3 giant cockroaches (D:1)
  2 hobgoblins (D:1)
  A weasel (D:1)
  A frilled lizard (D:1)
  2 rats (D:1)
9 creatures vanquished.

Notes
Turn   | Place    | Note
-------+----------+-------------------------------------------
     0 | D:1      | damerell the Felid Fighter began the quest for the Orb.
     0 | D:1      | Reached XP level 1. HP: 10/10 MP: 2/2
   119 | D:1      | Reached XP level 2. HP: 9/14 MP: 3/3
   146 | D:1      | Slain by a goblin

Vault maps used:
D:1:      onia_arrival_larder, serial_glass, glass_columns_c, glass_columns_b,
          minmay_pentomino_u2

Action                   || total
-------------------------++-------
Melee: Unarmed           ||    23
       Bite              ||     2
 Stab: Sleeping          ||     5
Dodge: Dodged            ||    11

Table legend:
 A = Spawn XP
 B = Non-spawn XP
 C = Spawn XP percentage of total XP
 D = Spawn monster count
 E = Non-spawn monster count
 F = Spawn count percentage of total count
 G = Total turns spent on level
                    A         B        C        D         E        F      G
               +---------+---------+-------+---------+---------+-------+---------
         Total |       0 |      15 |   0.0 |       0 |       9 |   0.0 |   146
               +---------+---------+-------+---------+---------+-------+---------
           D:1 |       0 |      15 |   0.0 |       0 |       9 |   0.0 |   146
               +---------+---------+-------+---------+---------+-------+---------
